Unix NetHack Version 5.0.0-0 post-release - last build Jul 14 2026 02:55:29 (1809b74e8187c3a3585e283601c3028b46cbbdcb,branch:main).

Game began 2026-07-17 21:34:30, ended 2026-07-17 21:48:00.

BeardyHaddock, neutral male gnomish Archeologist

   -----
  --...|
  |....--
  --.....|
   ---...|
     ---.|
       |@|..
       |.:..
       |%|*|

BeardyHaddock the Field Worker  St:13 Dx:10 Co:8 In:17 Wi:16 Ch:10  Neutral
Dlvl:3  $:41 HP:0(27) Pw:20(20) AC:9  Xp:4 T:1891 

Latest messages:
 You get zapped!
 You hit the grid bug.
 The grid bug bites!
 You get zapped!
 You kill the grid bug!
 The fox bites!
 The fox bites!
 You kill the fox!
 Welcome to experience level 4.
 You kill the shrieker!
 You see here a shrieker corpse.
 You kill the kobold!
 You see here a shrieker corpse.
 You miss the grid bug.
 The grid bug bites!
 You get zapped!
 You hit the grid bug.
 The grid bug bites!
 You get zapped!
 You kill the grid bug!
 You descend the stairs.
 You see here a tin opener.
 I - a tin opener.
 You find an arrow trap.
 A gush of water hits the kobold!
 You kill the jackal!
 The hobbit wields a dagger!
 The dagger welds itself to the hobbit's hand!
 You hit the hobbit.
 You kill the hobbit!
 The hobbit picks up a cursed dagger.
 You hit the hobbit.
 The hobbit wields a cursed dagger!
 The dagger welds itself to the hobbit's hand!
 You hit the hobbit.
 The hobbit thrusts his dagger.
 The hobbit hits!
 You miss the hobbit.
 You hit the hobbit.
 The hobbit thrusts his dagger.
 The hobbit hits!
 You kill the hobbit!
 You hit the newt.
 The newt bites!
 You die...
 Do you want your possessions identified? [ynq] (y) y
 Do you want to see your attributes? [ynq] (y) n
 Do you want an account of creatures vanquished? [ynaq] (y) n
 Do you want to see your conduct and achievements? [ynq] (y) n
 Do you want to see the dungeon overview? [ynq] (y) n

Inventory:
 Coins    ('$')
  $ - 41 gold pieces
 Weapons  (')')
  l - 11 +0 darts
  a - a +2 bullwhip (alternate weapon; not wielded)
  v - a +4 long sword
 Armor    ('[')
  c - an uncursed +0 fedora (being worn)
  j - a blessed +0 pair of low boots
  b - an uncursed +0 leather jacket (being worn)
 Comestibles  ('%')
  d - 5 uncursed food rations
  w - an uncursed fortune cookie
 Scrolls  ('?')
  q - an uncursed scroll of create monster
  x - an uncursed scroll of enchant armor
  F - an uncursed scroll of enchant armor
  p - an uncursed scroll of enchant weapon
  r - a blessed scroll of gold detection
 Spellbooks  ('+')
  k - an uncursed spellbook of blank paper
 Rings    ('=')
  n - an uncursed ring of stealth
 Tools    ('(')
  h - an empty uncursed sack
  e - a +0 pick-axe (weapon in right hand)
  I - an uncursed tin opener
  f - a tinning kit (0:77)
 Gems/Stones  ('*')
  g - an uncursed touchstone

BeardyHaddock the Archeologist's attributes:

Background:
 You were a Field Worker, a level 4 male gnomish Archeologist.
 You were neutral, nominally on a mission for Camaxtli
 who was opposed by Quetzalcoatl (lawful) and Huhetotl (chaotic).
 You were right-handed.
 You were in the Gnomish Mines, on level 3.
 You entered the dungeon 1891 turns ago.
 There was a new moon in effect when your adventure ended.
 You had 109 experience points, 51 more were needed to attain level 5.

Basics:
 You had 0 out of 27 hit points.
 You had all 20 energy points (spell power).
 Your armor class was 9.
 Your wallet contained 41 zorkmids.
 Autopickup was off.

Final Characteristics:
 Your strength was 13 (limit:18/50).
 Your dexterity was 10 (peak:11, limit:18).
 Your constitution was 8 (limit:18).
 Your intelligence was 17 (limit:19).
 Your wisdom was 16 (limit:18).
 Your charisma was 10 (limit:18).

Final Status:
 You weren't hungry.
 You were unencumbered.
 You were wielding a pick-axe.
 You had basic skill with pick-axe.

Final Attributes:
 You were stridently aligned.
 You had automatic searching.
 You had infravision.
 You were lucky.
 You are dead.

Miscellaneous:
 You didn't encounter any bones levels.
 Total elapsed playing time was 13 minutes and 30 seconds.

Major events:
 Turn
    1: BeardyHaddock the neutral male gnomish Archeologist entered the dungeon
  595: attained the rank of Field Worker (level 3)
 1856: entered the Gnomish Mines
 1891: killed by a newt

Spells:
 Name                 Level Category     Fail Retention
 light                  1   divination     0%  76%-100%

Skills:
 Fighting Skills
   bare handed combat [Unskilled]
   two weapon combat  [Unskilled]
   riding             [Unskilled]
 Weapon Skills
   dagger             [Unskilled]
   knife              [Unskilled]
   pick-axe           [Basic]
   short sword        [Unskilled]
   saber              [Unskilled]
   club               [Unskilled]
   quarterstaff       [Unskilled]
   sling              [Unskilled]
   dart               [Unskilled]
   boomerang          [Unskilled]
   whip               [Basic]
   unicorn horn       [Unskilled]
 Spellcasting Skills
   attack spells      [Unskilled]
   healing spells     [Unskilled]
   divination spells  [Unskilled]
   matter spells      [Unskilled]

Voluntary challenges:
 Character rerolling was not enabled.
 You followed a strict vegan diet.
 You were an atheist.
 You never genocided any monsters.
 You never polymorphed an object.
 You never changed form.
 You used no wishes.
Achievements:
 You entered a shop.
 You attained the rank of Field Worker.
 You entered the Gnomish Mines.

 The Dungeons of Doom: levels 1 to 2
    Level 1:
    Level 2:
       A general store, many fountains, a sink.
       Stairs down to The Gnomish Mines.
 The Gnomish Mines:
    Level 3: <- You were here.
       Final resting place for
          you, killed by a newt.


Vanquished creatures:
  a shrieker
  a little dog
 an acid blob
  2 gas spores
  2 hobbits
  a giant rat
  2 yellow molds
  a green mold
  a red mold
  a gnome zombie
  4 geckos
  a jackal
  2 foxes
  2 kobolds
  3 goblins
  a sewer rat
  8 grid bugs
  6 lichens
  2 newts
42 creatures vanquished.

No species were genocided or became extinct.

Game over:
                       ----------
                      /          \
                     /    REST    \
                    /      IN      \
                   /     PEACE      \
                  /                  \
                  |  BeardyHaddock   |
                  |      41 Au       |
                  | killed by a newt |
                  |                  |
                  |                  |
                  |                  |
                  |       2026       |
                 *|     *  *  *      | *
        _________)/\\_//(\/(/\)/\//\/|_)_______

Goodbye BeardyHaddock the Archeologist...

You died in The Gnomish Mines on dungeon level 3 with 573 points,
and 41 pieces of gold, after 1891 moves.
You were level 4 with a maximum of 27 hit points when you died.

